 Dungeon Crawl Stone Soup version 0.28-a0-1524-ge72afd5fc6 (webtiles) character file.

Game seed: 14329459338858782373

11 issech the Vexing (level 2, 0/16 HPs)
             Began as a Deep Elf Arcane Marksman on Jan 17, 2022.
             Slain by a quokka (1 damage)
             ... on level 1 of the Dungeon.
             The game lasted 00:03:03 (440 turns).

issech the Vexing (Deep Elf Arcane Marksman)         Turns: 440, Time: 00:03:05

Health: 0/16       AC:  5    Str: 13    XL:     2   Next: 17%
Magic:  6/6        EV: 11    Int: 17    God:
Gold:   41         SH:  0    Dex: 15    Spells: 3/4 levels left

rFire   . . .      SeeInvis .   a - +0 shortbow
rCold   . . .      Faith    .   (shield currently unavailable)
rNeg    . . .      Spirit   .   b - +0 ring mail
rPois   .          Reflect  .   (no helmet)
rElec   .          Harm     .   (no cloak)
rCorr   .          Rampage  .   (no gloves)
Will    .....                   (no boots)
Stlth   +.........              (no amulet)
HPRegen 0.05/turn               h - +6 ring of strength
MPRegen 0.10/turn               (no ring)

@: no status effects
A: no striking features
a: no special abilities


You were on level 1 of the Dungeon.
You visited 1 branch of the dungeon, and saw 1 of its levels.

You collected 41 gold pieces.

Inventory:

Hand Weapons
 a - a +0 shortbow (weapon)
 e - a +0 spear
 f - a +0 whip
 i - a +0 club
Missiles
 c - 29 arrows (quivered ammo)
 g - 25 stones
Armour
 b - a +0 ring mail (worn)
 d - a +0 robe
Jewellery
 h - a +6 ring of strength (left hand)
Potions
 j - a potion of mutation {unknown}


   Skills:
 + Level 0.8 Fighting
 + Level 3.2 Bows
 + Level 2.6 Dodging
 + Level 1.5 Spellcasting
 + Level 4.4 Hexes


You had 3 spell levels left.
You knew the following spells:

 Your Spells              Type           Power      Damage    Failure   Level
a - Slow                  Hex            64%        N/A       8%          1

Your spell library contained the following spells:

 Spells                   Type           Power      Damage    Failure   Level
 Inner Flame              Hex/Fire       8%         N/A       50%         3
 Portal Projectile        Hex/Tloc       16%        N/A       50%         3
 Cause Fear               Hex            8%         N/A       58%         4


Dungeon Overview and Level Annotations

Branches:
Dungeon (1/15)

Altars:


Message History

Fire: 34 arrows
Press: ? - help, Q - select action, (/) - cycle Shift-Dir - straight line, f/p - quokka
Aim: a quokka (48% to hit)
You shoot an arrow. The arrow closely misses the quokka.
The arrow hits the plant!
The plant is lightly damaged.
You hear a splash.
A nearby plant withers and dies.
The quokka bites you.
Fire: 33 arrows
Press: ? - help, Q - select action, (/) - cycle Shift-Dir - straight line, f/p - quokka
Aim: a quokka (48% to hit)
You shoot an arrow. The arrow hits the quokka.
The quokka is lightly wounded.
The quokka bites you. The quokka closely misses you.
Fire: 32 arrows
Press: ? - help, Q - select action, (/) - cycle Shift-Dir - straight line, f/p - quokka
Aim: a quokka (lightly wounded, 48% to hit)
Okay, then.
Fire: 32 arrows
Press: ? - help, Q - select action, (/) - cycle Shift-Dir - straight line, f/p - quokka
Aim: a quokka (lightly wounded, 48% to hit)
You shoot an arrow. The arrow barely misses the quokka.
The arrow hits the plant!
The plant begins to die.
The plant is lightly damaged.
The quokka bites you but does no damage.
Fire: 31 arrows
Press: ? - help, Q - select action, (/) - cycle Shift-Dir - straight line, f/p - quokka
Aim: a quokka (lightly wounded, 48% to hit)
You shoot an arrow. The arrow hits the quokka.
The quokka is moderately wounded.
The quokka bites you.
* * * LOW HITPOINT WARNING * * *
Fire: 30 arrows
Press: ? - help, Q - select action, (/) - cycle Shift-Dir - straight line, f/p - quokka
Aim: a quokka (moderately wounded, 48% to hit)
You shoot an arrow. The arrow hits the quokka.
The quokka is almost dead.
The quokka closely misses you. The quokka bites you.
You die...

.......#...#...
.......#........P≈♣PP≈
...............≈P≈≈≈P ♣P
##..............(≈≈≈ ♣≈≈
#######.##..##..≈≈≈♣ ≈≈≈≈
.............#...≈P♣♣♣≈≈PP
.######.###..#...PP≈≈≈♣≈P.
.######...##.#..rPPP≈≈≈PP.
................@#PPP≈P≈..
##.#.......####..'.P..≈P..
.#.#.......# #.##........
...#..†....# #.##........
.#.#.......# #.##########
##.#.......# #.#
...........####'####
.##................########
..#.......................#


You could see a quokka.

Vanquished Creatures
  4 ball pythons (D:1)
  An endoplasm (D:1)
  2 hobgoblins (D:1)
  A bat (D:1)
  2 kobolds (D:1)
  2 rats (D:1)
12 creatures vanquished.

Vanquished Creatures (others)
  5 plants (D:1)
5 creatures vanquished.

Grand Total: 17 creatures vanquished

Notes
Turn   | Place    | Note
-------+----------+-------------------------------------------
     0 | D:1      | issech the Deep Elf Arcane Marksman began the quest for the
                  | Orb.
     0 | D:1      | Reached XP level 1. HP: 11/11 MP: 5/5
   312 | D:1      | Reached XP level 2. HP: 15/16 MP: 6/6
   440 | D:1      | Slain by a quokka

Illustrated notes

Levels and vault maps discovered:
D:1:      lightli_arrival_noodles, layout_basic, chequers_serial_rivers_micro_c,
          hangedman_decor_clover_reticule, hangedman_decor_points,
          amethyst_killhole, serial_bayou_lagoon_a, minmay_surrounded

Skill      XL: |  1 |
---------------+----+-----
Bows           | 3 |  3.2
Fighting       | |  0.8
Dodging        | |  2.6
Spellcasting   | |  1.5
Hexes          | |  4.4

Action                   || total
-------------------------++-------
 Fire: Shortbow          ||    36
Armor: Ring mail         ||     5
Dodge: Dodged            ||    11

Table legend: (Time is in decaauts)
 A = Elapsed time spent in this place.
 B = Non-inter-level travel time spent in this place.
 C = Inter-level travel time spent in this place.
 D = Time resting spent in this place.
 E = Time spent auto-exploring this place.
 F = Levels seen in this place.
 G = Mean time per level.
                   A        B        C        D        E       F      G
               +--------+--------+--------+--------+--------+-----+--------+
         Total |    444 |    444 |      0 |     36 |    181 |   1 |  444.0 |
       Dungeon |    444 |    444 |      0 |     36 |    181 |   1 |  444.0 |
               +--------+--------+--------+--------+--------+-----+--------+

Top non-repeatable levels by time:
     D:1: 444 daAuts
